 Dungeon Crawl Stone Soup version 0.25-a0-294-gea9b1ad (webtiles) character file.

Game seed: 3739030193818535028, levelgen mode: deterministic

394 15 the Gusty (level 6, -6/32 HPs)
             Began as a Tengu Air Elementalist on Dec 18, 2019.
             Killed by divine providence
             ... invoked by an orc priest
              (12 damage)
             ... on level 4 of the Dungeon.
             The game lasted 00:15:40 (4171 turns).

15 the Gusty (Tengu Air Elementalist)               Turns: 4171, Time: 00:15:41

Health: -6/32      AC:  2    Str: 15    XL:     6   Next: 82%
Magic:  3/13       EV: 16    Int: 18    God:
Gold:   174        SH:  0    Dex: 14    Spells: 2/12 levels left

rFire    . . .     SeeInvis .   n - +2 flail (pain)
rCold    . . .     Gourm    .   (no shield)
rNeg     . . .     Faith    .   a - +0 robe
rPois    .         Spirit   .   (helmet restricted)
rElec    .         Reflect  .   (no cloak)
rCorr    .         Harm     .   (no gloves)
MR       .....                  (boots unavailable)
Stlth    +++.......             (no amulet)
HPRegen  0.10/turn              g - ring of stealth
MPRegen  0.13/turn              (no ring)

@: mighty, flying quickly and evasively, very slightly contaminated, quick
A: beak, talons 3, clever 1, deterioration 1, high mp 1, able to fly
a: Stop Flying


You were on level 4 of the Dungeon.
You were very hungry.

You visited 1 branch of the dungeon, and saw 4 of its levels.
You also visited: Sewer.

You collected 174 gold pieces.

Inventory:

Hand Weapons
 f - a +0 short sword
 n - a +2 flail of pain (weapon)
Missiles
 d - 143 stones (quivered)
 e - 17 bolts
Armour
 a - a +0 robe (worn)
Jewellery
 g - a ring of stealth (left hand)
Wands
 b - a wand of disintegration (21)
Scrolls
 h - 2 scrolls of teleportation
 i - a scroll of enchant armour {unknown}
 m - 2 scrolls of remove curse
 o - 2 scrolls of identify
 q - 2 scrolls of enchant weapon {unknown}
 r - 2 scrolls of blinking {unknown}
 s - a scroll of noise {unknown}
 w - 2 scrolls of immolation {unknown}
 x - a scroll of amnesia {unknown}
 y - a scroll of fear {unknown}
 A - a scroll of fog {unknown}
 C - a scroll of magic mapping
Potions
 k - a potion of brilliance {unknown}
 p - a potion of agility {unknown}
 t - 3 potions of curing {unknown}
 u - 2 potions of heal wounds {unknown}
 v - a potion of lignification {unknown}
 z - a potion of magic {unknown}
 B - a potion of might
Comestibles
 c - 3 rations
 D - a chunk of flesh


   Skills:
 + Level 0.2 Fighting
 + Level 0.3 Short Blades
 + Level 2.0 Maces & Flails
 + Level 3.0 Dodging
 + Level 2.4 Stealth
 + Level 3.6 Spellcasting
 * Level 4.3 Conjurations
 + Level 5.8 Air Magic
 * Level 1.1 Evocations


You had 2 spell levels left.
You knew the following spells:

 Your Spells              Type           Power        Failure   Level  Hunger
a - Shock                 Conj/Air       ###.         1%          1    None
b - Swiftness             Chrm/Air       ##......     7%          2    ##.....
c - Static Discharge      Conj/Air       ###.....     6%          3    ###....
d - Airstrike             Air            ###.......   14%         4    ####...

Your spell library contained the following spells:

 Spells                   Type           Power        Failure   Level  Hunger
 Lightning Bolt           Conj/Air       ###.......   47%         5    ######.


Dungeon Overview and Level Annotations

Branches:
Dungeon (4/15)              Sewer (visited)
 Temple: D:4-7

Altars:


Innate Abilities, Weirdness & Mutations

You have a beak for a mouth.
You have claws for feet.
You can fly continuously.
Your mind is acute. (Int +2)
Your body sometimes deteriorates upon taking damage.
You have an increased reservoir of magic. (+10% MP)


Message History

The orc priest is moderately wounded.
The orc hits you with a +0 mace!
* * * LOW HITPOINT WARNING * * *
The orc priest barely misses you.
You closely miss the orc priest. You claw the orc priest.
You peck the orc priest.
The orc priest is heavily wounded.
The orc priest barely misses you. The orc completely misses you.
It was a potion of flight.
You feel more buoyant.
The orc priest hits you but does no damage.
The orc hits you with a +0 mace.
* * * LOW HITPOINT WARNING * * *
It was a potion of mutation.
You feel extremely strange.
You feel yourself wasting away.
You feel more energetic.
You feel clever. The orc priest completely misses you.
The orc barely misses you.
You feel very mighty all of a sudden.
The orc priest mumbles some strange prayers to Beogh against you.
Beogh smites you!
You die...

#.#.#.......####.##.#.######.
# # #........................
##......####.###..######.
#......# #.# #.....##..
#......# #.# #..##.##..
##....## #.# .... .... # #.
#....## #.#..... .....
#.#.###....o####.#...........
##o#....$..)o@.##.#......
....
.............#.##.######..
#........)...#....#
#.........########
#.........# #.........#
#.........# #..$.......#
#..........#


You could see an orc priest and an orc.

Vanquished Creatures
  An ogre (D:4)
  An orc wizard (D:4)
  An orc priest (D:4)
  A bullfrog skeleton (D:4)
  A worker ant (D:4)
  A hound skeleton (D:4)
  5 adders
  3 gnolls
  2 oozes
  2 worms (D:3)
  3 leopard geckos
  9 orcs
  8 ball pythons
  5 giant cockroaches
  10 goblins
  6 hobgoblins
  6 jackals
  7 kobolds
  3 quokkas
  8 bats
  7 frilled lizards
  A quokka skeleton (D:4)
  7 rats
98 creatures vanquished.

Notes
Turn   | Place    | Note
-------+----------+-------------------------------------------
     0 | D:1      | 15 the Tengu Air Elementalist began the quest for the Orb.
     0 | D:1      | Reached XP level 1. HP: 10/10 MP: 4/4
    81 | D:1      | Reached XP level 2. HP: 2/15 MP: 0/6
    85 | D:1      | Learned a level 2 spell: Swiftness
   447 | D:1      | Reached XP level 3. HP: 16/19 MP: 0/7
   788 | D:1      | Learned a level 3 spell: Static Discharge
  1272 | D:2      | Reached XP level 4. HP: 24/24 MP: 3/9
  2360 | D:3      | Gained mutation: You can fly continuously. [Tengu growth]
  2360 | D:3      | Reached XP level 5. HP: 23/28 MP: 1/10
  2650 | D:3      | Reached skill level 5 in Air Magic
  2653 | D:3      | Found a glowing drain.
  2668 | Sewer    | Entered a sewer
  2678 | Sewer    | Learned a level 4 spell: Airstrike
  3529 | D:4      | Reached skill level 1 in Maces & Flails
  3702 | D:4      | Noticed an ogre
  3706 | D:4      | Killed an ogre
  3706 | D:4      | Reached skill level 1 in Evocations
  3706 | D:4      | Reached XP level 6. HP: 19/32 MP: 0/12
  4170 | D:4      | Gained mutation: Your body sometimes deteriorates upon
                  | taking damage. [potion of mutation]
  4170 | D:4      | Gained mutation: You have an increased reservoir of magic.
                  | (+10% MP) [potion of mutation]
  4170 | D:4      | Gained mutation: Your mind is acute. (Int +2) [potion of
                  | mutation]
  4171 | D:4      | Killed from afar by an orc priest

Levels and vault maps discovered:
D:1:      psy_arrival_fountain, layout_basic
D:2:      layout_basic, kennysheep_generic_room_12
D:3:      layout_loops_ring, portal_sewer_entry_b
D:4:      layout_basic

Skill      XL: |  1  2  3  4  5  6 |
---------------+-------------------+-----
Conjurations   | 2 3 4 |  4.3
Spellcasting   | 3 |  3.6
Air Magic      | 5 |  5.8
Maces & Flails | 1 2 |  2.0
Evocations     | 1 |  1.1
Dodging        | 3 |  3.0
Fighting       | |  0.2
Short Blades   | |  0.3
Stealth        | |  2.4

Action                   |  1- 3 |  4- 6 || total
-------------------------+-------+-------++-------
Melee: Unarmed           |    12 |       ||    12
       Kick              |     8 |     7 ||    15
       Short sword       |    10 |     1 ||    11
       Peck              |     2 |     8 ||    10
       Flail             |       |    64 ||    64
 Cast: Shock             |    41 |    72 ||   113
       Static Discharge  |     1 |     2 ||     3
       Airstrike         |       |    14 ||    14
 Abil: Fly               |       |     1 ||     1
  Use: Scroll            |     3 |     2 ||     5
       Potion            |       |     4 ||     4
 Stab: Sleeping          |       |     3 ||     3
  Eat: Chunk             |     2 |     8 ||    10
       Ration            |       |     1 ||     1
Armor: Robe              |     8 |    12 ||    20
Dodge: Dodged            |    27 |    58 ||    85

Table legend:
 A = Non-vault XP
 B = Vault XP
 C = Vault XP percentage of total XP
 D = Non-vault monster count
 E = Vault monster count
 F = Vault count percentage of total count
                 A         B        C        D         E       F
            +---------+---------+-------+---------+---------+-------
      Total |     519 |      45 |   8.0 |      82 |      16 |  16.3
            +---------+---------+-------+---------+---------+-------
        D:1 |      60 |       0 |   0.0 |      21 |       0 |   0.0
        D:2 |      67 |       3 |   4.3 |      17 |       2 |  10.5
        D:3 |      74 |       5 |   6.3 |      27 |       4 |  12.9
        D:4 |     318 |       0 |   0.0 |      17 |       0 |   0.0
      Sewer |       0 |      37 | 100.0 |       0 |      10 | 100.0
            +---------+---------+-------+---------+---------+-------
